 Dungeon Crawl Stone Soup version 0.21-a0-476-gd103f4b (webtiles) character file.

121 Laiders the Shield-Bearer (level 5, -5/41 HPs)
             Began as a Formicid Fighter on Nov 23, 2017.
             Was an Initiate of Okawaru.
             Killed by nerve-wracking pain
             ... invoked by Jessica
              (9 damage)
             ... on level 3 of the Dungeon.
             The game lasted 00:04:53 (2088 turns).

Laiders the Shield-Bearer (Formicid Fighter)        Turns: 2088, Time: 00:04:53

Health: -5/41      AC: 10    Str: 21    XL:     5   Next: 26%
Magic:  5/5        EV:  8    Int:  8    God:    Okawaru [......]
Gold:   150        SH: 10    Dex: 10    Spells: 4/4 levels left

rFire    + . .     SeeInvis +   a - +1 flail
rCold    + . .     Gourm    .   c - +0 shield
rNeg     . . .     Faith    .   b - +0 scale mail
rPois    +         Spirit   .   (helmet unavailable)
rElec    +         Reflect  .   (no cloak)
rCorr    +         Harm     .   q - +2 pair of gloves
MR       .....                  (no boots)
Stlth    ..........             (no amulet)
HPRegen  0.13/turn              (no ring)
MPRegen  0.09/turn              (no ring)

@: resistant
A: permanent stasis, dig shafts and tunnels, four strong arms, antennae 3
a: Dig, Shaft Self, Renounce Religion


You were on level 3 of the Dungeon.
You worshipped Okawaru.
Okawaru was noncommittal.
You were not hungry.

You visited 1 branch of the dungeon, and saw 3 of its levels.

You collected 150 gold pieces.

Inventory:

Hand Weapons
 a - a +1 flail (weapon)
Missiles
 d - a throwing net (quivered)
Armour
 b - a +0 scale mail (worn)
 c - a +0 shield (worn)
 q - a +2 pair of gloves (worn)
Scrolls
 e - a scroll of remove curse
 g - 4 scrolls of identify
 h - 3 scrolls of enchant weapon
 k - a scroll of noise
 p - a scroll of fog
Comestibles
 f - a bread ration
 i - a chunk of flesh
 j - a meat ration
 l - a royal jelly
 s - a fruit


   Skills:
 - Level 3.2 Fighting
 + Level 3.8 Maces & Flails
 - Level 3.2 Armour
 + Level 5.3 Shields


You had 4 spell levels left.
You didn't know any spells.

Dungeon Overview and Level Annotations

Branches:
Dungeon (3/15)

Altars:
Fedhas
Okawaru
Ru

Annotations:
D:3 Jessica


Innate Abilities, Weirdness & Mutations

You cannot be hasted, slowed, berserked, paralysed or teleported.
You can dig through walls and to a lower floor.
Your four strong arms can wield two-handed weapons with a shield.
You have a pair of large antennae on your head. (SInv)


Message History

The adder barely misses you. Jessica barely misses you.
The adder bites you but does no damage.
As you read the scroll labeled UVOINOGI EWIC, it crumbles to dust.
The scroll dissolves into smoke.
It was a scroll of fog.
Jessica hits you but does no damage. The adder barely misses you.
As you read the scroll labeled HAXUONG SASS, it crumbles to dust.
It is a scroll of identify.
k - a scroll of noise You block Jessica's attack.
You block the adder's attack. Jessica barely misses you.
As you read the scroll labeled PICAMU XECEB, it crumbles to dust.
Your stasis prevents you from teleporting.
It was a scroll of blinking.
You block the adder's attack. You block Jessica's attack.
The adder barely misses you.
As you read the scroll labeled UJYLON JIDIDO, it crumbles to dust.
It is a scroll of amnesia.
You feel forgetful for a moment. Jessica casts a spell at you.
Pain shoots through your body!
You die...

.....{...##....#..
#..##.#........#..
#..##.##.##...##..
#.............##..
...........$...#
#..#####)##..###
#§§ #.##..# #@#
#@# .# #@# #.# .#
#S# #.##!.###
#§######.......)
#...............
#.########..#### {
.... ..# #.####
..# # .# .#


You could see an adder and Jessica.

Vanquished Creatures
  3 gnolls (D:2)
  2 adders
  An ooze (D:3)
  A worm (D:2)
  3 dart slugs
  A ball python (D:1)
  5 giant cockroaches
  11 goblins
  9 hobgoblins
  2 quokkas (D:2)
  6 bats
  3 frilled lizards
  4 kobolds
  7 rats
58 creatures vanquished.

Notes
Turn   | Place    | Note
-------+----------+-------------------------------------------
     0 | D:1      | Laiders the Formicid Fighter began the quest for the Orb.
     0 | D:1      | Reached XP level 1. HP: 18/18 MP: 1/1
   128 | D:2      | Reached skill level 4 in Shields
   128 | D:2      | Reached XP level 2. HP: 15/24 MP: 2/2
   342 | D:2      | Reached XP level 3. HP: 27/29 MP: 3/3
   381 | D:3      | Found an iron altar of Okawaru.
   388 | D:3      | Became a worshipper of Warmaster Okawaru
   415 | D:2      | Reached XP level 4. HP: 8/35 MP: 4/4
   771 | D:2      | Found a blossoming altar of Fedhas.
  1078 | D:2      | Found a sacrificial altar of Ru.
  1305 | D:1      | Reached skill level 5 in Shields
  1552 | D:1      | Reached XP level 5. HP: 40/41 MP: 5/5
  2056 | D:3      | Noticed Jessica
  2088 | D:3      | Killed from afar by Jessica

Vault maps used:
D:1:      ncdulo_wetmaze
D:2:      lemuel_doored_altar, marbit_many_paths, kennysheep_generic_room_5
D:3:      demons_altar, elyvilon_altar_3, lemuel_round_altar, uniq_jessica,
          uniq_crazy_yiuf_cottage, uniq_robin

Skill      XL: |  1  2  3  4 |
---------------+-------------+-----
Shields        | 4 5 |  5.3
Maces & Flails | 3 |  3.8
Fighting       | |  3.2
Armour         | |  3.2

Action                   |  1- 3 |  4- 6 || total
-------------------------+-------+-------++-------
Melee: Flail             |    59 |   165 ||   224
  Use: Potion            |     1 |     2 ||     3
       Scroll            |       |     6 ||     6
  Eat: Chunk             |       |     4 ||     4
Armor: Scale mail        |    26 |    87 ||   113
Dodge: Dodged            |    17 |    63 ||    80
Block: Shield            |    28 |   101 ||   129

Table legend:
 A = Spawn XP
 B = Non-spawn XP
 C = Spawn XP percentage of total XP
 D = Spawn monster count
 E = Non-spawn monster count
 F = Spawn count percentage of total count
 G = Total turns spent on level
                    A         B        C        D         E        F      G
               +---------+---------+-------+---------+---------+-------+---------
         Total |       0 |     173 |   0.0 |       0 |      58 |   0.0 |  2088
               +---------+---------+-------+---------+---------+-------+---------
           D:1 |       0 |      50 |   0.0 |       0 |      27 |   0.0 |   771
           D:2 |       0 |      98 |   0.0 |       0 |      26 |   0.0 |  1197
           D:3 |       0 |      25 |   0.0 |       0 |       5 |   0.0 |   120
               +---------+---------+-------+---------+---------+-------+---------
